 Dungeon Crawl Stone Soup version 0.29.0-7-g18a832c13a (webtiles) character file.

Game seed: 8737436894715374660

67 p0werm0de the Trooper (level 4, 29/29 HPs)
             Began as a Gargoyle Chaos Knight on Aug 30, 2022.
             Was a Follower of Kikubaaqudgha.
             Quit the game on level 2 of the Dungeon.
             The game lasted 00:00:50 (1165 turns).

p0werm0de the Trooper (Gargoyle Chaos Knight)       Turns: 1165, Time: 00:00:51

Health: 29/29      AC:  9    Str: 18    XL:     4   Next: 16%
Magic:  4/4        EV: 11    Int: 12    God:    Kikubaaqudgha [*.....]
Gold:   108        SH:  0    Dex:  9    Spells: 3/3 levels left

rFire   . . .      SeeInvis .   a - +0 hand axe (chaos)
rCold   . . .      Faith    .   (no shield)
rNeg    + . .      Spirit   .   b - +2 leather armour
rPois   ∞          Reflect  .   (no helmet)
rElec   +          Harm     .   (no cloak)
rCorr   .          Rampage  .   (no gloves)
Will    .....                   (no boots)
Stlth   +.........              (no amulet)
HPRegen 0.09/turn               (no ring)
MPRegen 0.09/turn               (no ring)

@: about to teleport
A: sickness immunity, AC +3, negative energy resistance 1, electricity
resistance, torment resistance 1, petrification resistance
a: Renounce Religion, Unearth Wretches


You were on level 2 of the Dungeon.
You worshipped Kikubaaqudgha.
Kikubaaqudgha was aware of your devotion.
You visited 1 branch of the dungeon, and saw 2 of its levels.

You collected 108 gold pieces.

Inventory:

Hand Weapons
 a - a +0 hand axe of chaos (weapon)
 g - a +0 trident
   (You found it on level 2 of the Dungeon)
Armour
 b - a +2 leather armour (worn)
Jewellery
 n - a ring of fire
   (You found it on level 2 of the Dungeon)
Potions
 d - a potion of brilliance {unknown}
 e - a potion of cancellation {unknown}
 f - a potion of lignification {unknown}
 i - a potion of might {unknown}
 m - a potion of magic {unknown}
Miscellaneous
 c - a piece from Xom's chessboard (15/15) (quivered)


   Skills:
 * Level 3.9 Fighting
 * Level 3.2 Axes
 * Level 3.0 Armour
 - Level 0.7 Dodging
 * Level 1.3 Evocations


You had 3 spell levels left.
You didn't know any spells.
Your spell library contained the following spells:

 Spells                   Type           Power      Damage    Failure   Level
 Necrotise                Necr           0%         1d4       36%         1
 Vampiric Draining        Necr           0%         2d6       75%         3
 Anguish                  Hex/Necr       0%         N/A       98%         4
 Animate Dead             Necr           0%         N/A       98%         4


Dungeon Overview and Level Annotations

Branches:
Dungeon (2/15)

Altars:
Kikubaaqudgha


Innate Abilities, Weirdness & Mutations

You are immune to sickness and miasma.
Your stone body is resilient. (AC +3)
You are immune to poison.
You resist negative energy. (rN+)
You are resistant to electric shocks. (rElec)
You are resistant to unholy torment.
You are immune to petrification.


Message History

No target in view!
No target in view!
You now have 108 gold pieces (gained 3).
Items here: ( )) †.
You are now a plaything of Xom.
No target in view!
As you open the door, it creaks loudly!
No target in view!
Found a faded altar of an unknown god.
There is an open door here.
No target in view!
No target in view!
No target in view!
No target in view!
No target in view!
No target in view!
No target in view!
No target in view!
There is a faded altar of an unknown god here.
You cannot tell which god this altar belongs to.
Convert to them anyway?
Really abandon Xom for an unknown god?
Kikubaaqudgha accepts your prayer!
You have lost your religion!
Xom does not appreciate desertion!
Kikubaaqudgha welcomes you!
You can now bring forth the wretched and dying.
Kikubaaqudgha grants you a gift!
You add the spells Necrotise, Vampiric Draining, Anguish and Animate Dead to your library.
The air fills with toxic fumes!
As you read the scroll labelled JIEKHOUWOC, it crumbles to dust.
It was a scroll of poison.
As you read the scroll labelled HUSSURARIY, it crumbles to dust.
You assume a fearsome visage.
Nothing appears to happen.
It was a scroll of fear.
As you read the scroll labelled VOHEARPH LUERATH, it crumbles to dust.
You hear a loud clanging noise!
It was a scroll of noise.
As you read the scroll labelled FARYON YTEOTROI, it crumbles to dust.
You feel strangely unstable.
It was a scroll of teleportation.
Are you sure you want to abandon this character and quit the game? (Confirm with "yes".)

##.....## # #.......# #
#####.......### #
#.............# #
#######.######### #
#888#..#§#§.#..##########
#...#..#§§..#............
##'##..#§#..#..#######...
#......#@#..#### #...
#...#..###..# #...
#####......### #...
#...###..# #...
..#####.....# ####...
............# ##......
##..........# ###.......
########..## #.........
##.# ##.........


There were no monsters in sight!

Vanquished Creatures
  3 adders (D:2)
  A dart slug (D:1)
  2 bats (D:1)
  3 endoplasms
  3 giant cockroaches
  2 goblins (D:2)
  5 hobgoblins
  4 jackals (D:2)
  2 quokkas (D:1)
  A ball python (D:2)
  4 frilled lizards (D:2)
  3 kobolds
  3 rats
36 creatures vanquished.

Notes
Turn   | Place    | Note
-------+----------+-------------------------------------------
     0 | D:1      | p0werm0de the Gargoyle Chaos Knight began the quest for the
                  | Orb.
     0 | D:1      | Reached XP level 1. HP: 14/14 MP: 1/1
   303 | D:1      | Reached XP level 2. HP: 17/19 MP: 2/2
   420 | D:1      | XOM: divination: detect creatures
   438 | D:1      | XOM: silly message
   443 | D:1      | XOM: silly message
   633 | D:2      | Reached XP level 3. HP: 23/23 MP: 3/3
   636 | D:2      | Reached skill level 1 in Evocations
   829 | D:2      | Reached XP level 4. HP: 24/29 MP: 4/4
  1157 | D:2      | Found a faded altar of an unknown god.
  1160 | D:2      | Prayed at the altar of an unknown god.
  1160 | D:2      | Fell from the grace of Xom
  1160 | D:2      | Became a worshipper of Kikubaaqudgha
  1160 | D:2      | Reached * piety under Kikubaaqudgha
  1160 | D:2      | Received a gift from Kikubaaqudgha
  1165 | D:2      | Quit the game

Illustrated notes

Levels and vault maps discovered:
D:1:      roderic_crossed_star, layout_basic, serial_shops, nicolae_shop_crystal
D:2:      layout_rooms, shapermc_ecumenical_altar_mp_vishouse,
          minmay_nonomino_d4

Skill      XL: |  1  2  3 |
---------------+----------+-----
Axes           | 3 |  3.2
Evocations     | 1 |  1.3
Armour         | 3 |  3.0
Fighting       | |  3.9
Dodging        | |  0.7

Action                   |  1- 3 |  4- 6 || total
-------------------------+-------+-------++-------
Melee: Hand axe          |    88 |    15 ||   103
       Punch             |     1 |       ||     1
  Use: Scroll            |     1 |     4 ||     5
Armor: Leather armour    |    42 |     6 ||    48
Dodge: Dodged            |    74 |    13 ||    87
